 Dungeon Crawl Stone Soup version 0.28-a0-475-g7dc2aef8ca (webtiles) character file.

Game seed: 6248202977309503784

647 Dabor the Skirmisher (level 7, -4/55 HPs)
             Began as a Formicid Abyssal Knight on Sept 16, 2021.
             Was a Believer of Lugonu.
             Splashed by a jelly's acid (6 damage)
             ... on level 4 of the Dungeon.
             The game lasted 00:14:33 (6642 turns).

Dabor the Skirmisher (Formicid Abyssal Knight)      Turns: 6642, Time: 00:14:34

Health: -4/55      AC:  0    Str: 19    XL:     7   Next: 82%
Magic:  10/10      EV:  6    Int: 11    God:    Lugonu [**....]
Gold:   146        SH:  3    Dex: 10    Spells: 6/6 levels left

rFire   . . .      SeeInvis +   a - +1 spear
rCold   . . .      Faith    .   l - +0 buckler
rNeg    . . .      Spirit   .   c - +0 plate armour
rPois   .          Reflect  .   (helmet unavailable)
rElec   .          Harm     .   j - +0 cloak
rCorr   .          Rampage  .   (no gloves)
Will    .....                   e - +2 pair of boots
Stlth   ..........              (no amulet)
HPRegen 0.18/turn               (no ring)
MPRegen 0.12/turn               (no ring)

@: corroded
A: permanent stasis, dig shafts and tunnels, antennae 3, four strong arms
a: Dig, Shaft Self, Renounce Religion, Depart the Abyss, Bend Space


You were on level 4 of the Dungeon.
You worshipped Lugonu.
Lugonu was pleased with you.
You visited 1 branch of the dungeon, and saw 5 of its levels.
You visited the Abyss 1 time.

You collected 190 gold pieces.
You spent 44 gold pieces at shops.

Inventory:

Hand Weapons
 a - a +1 spear (weapon)
Missiles
 i - 25 poisoned darts
 m - 3 javelins
Armour
 b - a +0 leather armour
 c - a +0 plate armour (worn)
 e - a +2 pair of boots (worn)
 j - a +0 cloak (worn)
 l - a +0 buckler (worn)
Wands
 f - a wand of flame (7)
Scrolls
 h - a scroll of enchant armour
Potions
 d - a potion of brilliance
 g - a potion of might


   Skills:
 + Level 4.9 Fighting
 * Level 4.0 Polearms
 + Level 4.2 Armour
 + Level 3.1 Dodging
 + Level 1.3 Stealth
 * Level 1.7 Shields
 - Level 4.3 Invocations


You had 6 spell levels left.
You didn't know any spells.
Your spell library contained the following spells:

 Spells                   Type           Power      Damage    Failure   Level
 Ignite Poison            Fire/Tmut/Pois 0%         N/A       100%        3
 Mephitic Cloud           Conj/Pois/Air  0%         N/A       100%        3
 Freezing Cloud           Conj/Ice/Air   0%         6-21      100%        5


Dungeon Overview and Level Annotations

Branches:
Dungeon (5/15)             Temple (0/1) D:5

Altars:
Dithmenos
Hepliaklqana

Shops:
D:4 ![(*

Annotations:
D:3 3 runed translucent doors, Dabor's ghost, amateur FoAK; Pikel; generaletaddeo's ghost, amateur DrCA


Innate Abilities, Weirdness & Mutations

You cannot be hasted, slowed, berserked, paralysed or teleported.
You can dig through walls and to a lower floor.
You have a pair of large antennae on your head. (SInv)
Your four strong arms can wield two-handed weapons with a shield.


Message History

The jelly hits you but does no damage.
There is a stone staircase leading up, spattered with blood here.
The jelly hits you but does no damage.
You climb upwards.
There is a stone staircase leading down, spattered with blood here.
You hit the jelly but do no damage.
Your hands burn!
The jelly is lightly wounded.
The jelly hits you but does no damage.
You hit the jelly but do no damage.
Your hands burn!
The jelly is lightly wounded.
The jelly hits you but does no damage.
You hit the jelly.
Your hands burn!
The jelly is moderately wounded.
You block the jelly's attack.
You hit the jelly but do no damage. The acid corrodes you!
Your hands burn!
The jelly is moderately wounded.
You barely miss the jelly.
The jelly is moderately wounded.
The jelly hits you. The acid corrodes you!
You are splashed with acid.
You are too injured to fight recklessly!
You are too injured to fight recklessly!
You hit the jelly.
Your hands burn!
The jelly is heavily wounded.
The jelly hits you.
You are splashed with acid!
* * * LOW HITPOINT WARNING * * *
You hit the jelly but do no damage.
Your hands burn!
* * * LOW HITPOINT WARNING * * *
The jelly is heavily wounded.
The jelly hits you.
* * * LOW HITPOINT WARNING * * *
The acid corrodes you!
You are splashed with acid!
* * * LOW HITPOINT WARNING * * *
Items here: ))) [ รท.
Okay, then.
It was a potion of haste.
Your stasis prevents you from being hasted.
The jelly hits you.
* * * LOW HITPOINT WARNING * * *
You are splashed with acid.
You die...

#.# #.# #...#<#.# # ..#
#.# #.#.###.# # ..# #.#
#...###.## # ..# #.#
#)#.##...## # ###
#.########.(.#..#..# # #
#........#.#.#.###.# #
#.########...#..#..# #
#.# ####.##...########
#.# #@##...........#..
#.# #J##.###.#####.#.#
#.# #>##)# #.# #.#..
#.#######.##.###.# #.###
########................#
#.#
.........#######.##.#####
#.# ################.##.#
#.# #............# #.#
########.#######.#### #.#


You could see a jelly.

Vanquished Creatures
  A sky beast (D:3)
  A black bear (D:5)
  A phantom (D:5)
  4 lemures (D:4)
  A gnoll sergeant (D:4)
  A scorpion (D:4)
  A water moccasin skeleton (D:4)
  A hound (D:3)
  A jelly (D:4)
  3 gnolls
  2 adders
  2 shadow imps (D:5)
  A white imp (D:4)
  An adder zombie (D:5)
  A dart slug (D:4)
  10 orcs
  5 endoplasms
  2 giant cockroaches (D:3)
  8 hobgoblins
  2 jackals (D:2)
  4 quokkas
  5 ball pythons
  5 bats
  15 frilled lizards
  4 goblins
  7 kobolds
  4 rats
  A spectral hobgoblin (D:1)
94 creatures vanquished.

Vanquished Creatures (others)
  6 plants (D:1)
  6 withered plants (D:3)
12 creatures vanquished.

Grand Total: 106 creatures vanquished

Notes
Turn   | Place    | Note
-------+----------+-------------------------------------------
     0 | Abyss:1  | Dabor the Formicid Abyssal Knight began the quest for the
                  | Orb.
     0 | Abyss:1  | Reached XP level 1. HP: 18/18 MP: 2/2
     0 | Abyss:1  | Noticed a bone dragon
     0 | Abyss:1  | Noticed a small abomination
     0 | Abyss:1  | Noticed a sixfirhy
     0 | Abyss:1  | Noticed a harpy skeleton
     0 | Abyss:1  | Noticed a tentacled starspawn
     0 | Abyss:1  | Found a transporter.
     0 | Abyss:1  | Noticed a ynoxinul
    38 | Abyss:1  | Noticed an ancient zyme
    42 | Abyss:1  | Found a corrupted altar of Lugonu.
    47 | D:1      | Escaped the Abyss
   199 | D:1      | Reached skill level 1 in Dodging
   213 | D:1      | Reached * piety under Lugonu
   236 | D:1      | Reached XP level 2. HP: 20/24 MP: 3/3
   732 | D:1      | Reached XP level 3. HP: 28/29 MP: 4/4
   872 | D:1      | Found a faded altar of an unknown god.
  1358 | D:2      | Reached ** piety under Lugonu
  1647 | D:2      | Reached XP level 4. HP: 37/37 MP: 6/6
  2646 | D:3      | Found a hazy altar of Hepliaklqana.
  2755 | D:3      | Noticed a sky beast
  2785 | D:3      | Killed a sky beast
  2786 | D:3      | Reached XP level 5. HP: 22/42 MP: 7/7
  2971 | D:3      | Found a runed translucent gate.
  2974 | D:3      | Found a runed translucent gate.
  2975 | D:3      | Found a runed translucent gate.
  2975 | D:3      | Noticed Dabor's ghost (amateur FoAK)
  2975 | D:3      | Noticed generaletaddeo's ghost (amateur DrCA)
  3359 | D:4      | Noticed a lemure
  3361 | D:4      | Noticed Pikel
  3361 | D:4      | Noticed a lemure
  3362 | D:4      | Noticed a lemure
  3380 | D:4      | Killed a lemure
  3380 | D:4      | Noticed a lemure
  3408 | D:3      | HP: 3/63 [hound (4)]
  3414 | D:3      | Reached XP level 6. HP: 5/48 MP: 8/8
  4871 | D:4      | Found Cuteza's General Store.
  4873 | D:4      | Found Asask's Antique Armour Shoppe.
  4908 | D:4      | Found Ututiack's Weapon Shoppe.
  4909 | D:4      | Found Limov's Distillery.
  4928 | D:4      | Bought a potion of might for 44 gold pieces
  5034 | D:4      | Found a shadowy altar of Dithmenos.
  5411 | D:5      | Entered Level 5 of the Dungeon
  5470 | D:4      | Reached XP level 7. HP: 7/55 MP: 10/10
  6275 | D:5      | Reached skill level 1 in Stealth
  6275 | D:5      | Reached skill level 1 in Shields
  6578 | D:5      | Found a staircase to the Ecumenical Temple.
  6642 | D:4      | HP: 2/55 [jelly (2)]
  6642 | D:4      | Splashed by a jelly's acid

Illustrated notes

Levels and vault maps discovered:
D:1:      lemuel_arrival_river_ford, layout_loops_ring,
          dreamdust_ecumenical_altar_drowned_temple, minmay_lizard_king
D:2:      layout_basic
D:3:      layout_loops_ring, mainiacjoe_overflow_small_starburst,
          gammafunk_ghost_cemetery, minmay_misc_feat_columns
D:4:      layout_loops_ring, nicolae_dithmenos_the_darkroom,
          minmay_shop_grid_forest, st_stairs_6, grunt_decor_cap,
          hangedman_minor_gate_pass, uniq_pikel
D:5:      layout_rooms, minmay_temple_entry_arrows, st_stairs_5

Skill      XL: |  1  2  3  4  5  6  7 |
---------------+----------------------+-----
Dodging        | 1 2 3 |  3.1
Invocations    | 3 4 |  4.3
Fighting       | 4 |  4.9
Polearms       | 3 4 |  4.0
Armour         | 3 4 |  4.2
Stealth        | 1 |  1.3
Shields        | 1 |  1.7

Action                   |  1- 3 |  4- 6 |  7- 9 || total
-------------------------+-------+-------+-------++-------
Melee: Spear             |   153 |   283 |   119 ||   555
Invok: Depart the Abyss  |     1 |       |       ||     1
  Use: Scroll            |     2 |     4 |       ||     6
       Potion            |       |     6 |     1 ||     7
 Stab: Sleeping          |     1 |       |       ||     1
Armor: Leather armour    |    36 |    39 |       ||    75
       Skin              |       |    11 |       ||    11
       Plate armour      |       |    51 |    66 ||   117
Dodge: Dodged            |    74 |   116 |    27 ||   217
Block: Buckler           |       |       |    16 ||    16

Table legend: (Time is in decaauts)
 A = Elapsed time spent in this place.
 B = Non-inter-level travel time spent in this place.
 C = Inter-level travel time spent in this place.
 D = Time resting spent in this place.
 E = Time spent auto-exploring this place.
 F = Levels seen in this place.
 G = Mean time per level.
                   A        B        C        D        E       F      G
               +--------+--------+--------+--------+--------+-----+--------+
         Total |   6647 |   6375 |    272 |   1015 |   3740 |   6 | 1107.8 |
       Dungeon |   6600 |   6328 |    272 |   1015 |   3740 |   5 | 1320.0 |
         Abyss |     47 |     47 |      0 |      0 |      0 |   1 |   47.0 |
               +--------+--------+--------+--------+--------+-----+--------+

Top non-repeatable levels by time:
     D:4: 2133 daAuts
     D:3: 1876 daAuts
     D:1: 1076 daAuts
     D:2: 977 daAuts
     D:5: 535 daAuts
 Abyss:1: 47 daAuts
